 Dungeon Crawl Stone Soup version 0.17-a0-737-gf0a300a (console) character file.

4592 Monkaria the Protected (level 10, -5/74 HPs)
             Began as a Demonspawn Chaos Knight on May 9, 2015.
             Slain by an orc warrior (10 damage)
             ... in a bailey.
             The game lasted 00:17:24 (7175 turns).

Monkaria the Protected (Demonspawn Chaos Knight)    Turns: 7175, Time: 00:17:24

Health: -5/74      AC: 18    Str: 17    XL:     10   Next: 18%
Magic:  10/10      EV:  8    Int: 13    God:    Xom [...*..]
Gold:   361        SH:  0    Dex: 12    Spells: 0 memorised, 9 levels left

rFire  . . .     SeeInvis +     a - +0 falchion (chaos)
rCold  + + .     Clarity  .     e - +1 chain mail {rC+}
rNeg   . . .     SustAb   .     (no shield)
rPois  .         Gourm    +     (no helmet)
rElec  .         Spirit   .     (no cloak)
rCorr  .         Warding  .     (no gloves)
rMut   .         Stasis   .     (no boots)
MR     .....                    E - amulet of the gourmand
Stlth  ..........               (no ring)
                                w - ring of see invisible

@: very slightly contaminated, not resistant to hostile enchantments, extremely
unstealthy
A: hooves 1, iridescent scales 2, breathe flames 2, cold resistance 1,
nightstalker 1, powered by death 1
a: Renounce Religion, Breathe Fire


You were in a bailey.
You worshipped Xom.
You were a favourite toy of Xom.
You were not hungry.

You visited 1 branch of the dungeon, and saw 9 of its levels.
You also visited: Sewer and Bailey.

You collected 361 gold pieces.

Inventory:

Hand weapons
 a - a +0 falchion of chaos (weapon)
 p - a +0 blowgun
 x - a +0 arbalest
Missiles
 n - 34 poisoned needles
 B - 101 bolts
Armour
 e - a +1 chain mail of cold resistance (worn)
Jewellery
 w - a ring of see invisible (left hand)
 E - an amulet of the gourmand (around neck)
Magical devices
 l - a wand of confusion (7)
 y - a wand of slowing (36)
 A - a wand of paralysis (13)
Scrolls
 b - a scroll of remove curse
 m - a scroll of acquirement {unknown}
 q - 2 scrolls of blinking
 s - 2 scrolls of teleportation
 t - a scroll of fog
 u - 2 scrolls of amnesia
 v - a scroll of magic mapping
 z - 2 scrolls of enchant armour {unknown}
 C - a scroll of silence {unknown}
 F - a scroll of vulnerability {unknown}
 G - a scroll of immolation {unknown}
 H - 4 scrolls of recharging {unknown}
 I - a scroll of noise {unknown}
Potions
 d - a potion of cure mutation
 g - a potion of invisibility
 h - a potion of flight
 j - 4 potions of might
 k - 3 potions of heal wounds
 o - 6 potions of curing {unknown}
 r - 6 potions of brilliance {unknown}
Comestibles
 c - 5 bread rations
 f - 5 meat rations
 i - a beef jerky
 D - a royal jelly


   Skills:
 - Level 5.1 Fighting
 + Level 9.1 Long Blades
 - Level 10.1 Armour
 - Level 0.8 Dodging


You had 9 spell levels left.
You didn't know any spells.

Dungeon Overview and Level Annotations

Branches:
Dungeon (9/15)
 Temple: D:4-7         Lair: D:8-11         Orc: D:9-12

Altars:
Ashenzari
Dithmenos
Elyvilon
Makhleb
Ru
Xom
Yredelemnul
Zin
The Shining One

Annotations:
D:5 Monkaria's ghost, experienced DsCK


Innate Abilities, Weirdness & Mutations

You have large cloven feet.
You are mostly covered in iridescent scales (AC +6).
You are slightly more attuned to the shadows.
You can steal the life force of nearby defeated enemies.
You can breathe fire.
Your flesh is cold resistant.


Message History

The orc warrior shoots a bolt.
The bolt barely misses you.
You see here a bolt.
The orc warrior shoots a bolt.
The bolt hits you but does no damage.
You see here a bolt.
The orc warrior shoots a bolt.
The bolt barely misses you.
The orc warrior shoots a bolt.
The bolt hits you!!
A shower of butterflies erupts from you!
You see here a bolt.
The orc warrior unwields an uncursed arbalest.
The orc warrior completely misses you.
You hit the orc warrior.
The orc warrior goes berserk!
You kick the orc warrior, but do no damage.
The orc warrior is lightly wounded.
The orc warrior hits you!!
* * * LOW HITPOINT WARNING * * *
You slash the orc warrior!
The orc warrior is poisoned.
You kick the orc warrior, but do no damage.
The orc warrior is heavily wounded.
The orc warrior hits you!
You die...

#################
#∩...............
#......b..........
#.....(....b......
#......(..(........
#....(.....@o......
#..................
#.......≈≈≈≈≈.....
#......≈≈#.#≈≈....
#......≈##.##≈...
#.....b≈).^..≈...
#).....≈##.##≈.
#......≈≈#.#≈≈
#.......≈≈≈≈≈.


You could see an orc warrior (berserk).

Vanquished Creatures
  Pikel (D:9)
  Sigmund (D:3)
  2 yaks (D:9)
  A hippogriff (D:8)
  2 phantoms
  A black bear (D:8)
  3 orc warriors
  2 centaurs
  A necrophage (D:8)
  An ice beast (D:8)
  2 ogres
  2 giant frogs
  6 big kobolds
  A water moccasin skeleton (D:3)
  6 killer bees (D:8)
  5 scorpions
  2 hounds
  A centaur zombie (D:6)
  A giant frog skeleton (D:4)
  A jelly (D:8)
  6 orc wizards
  An iguana (D:6)
  3 worker ants
  3 orc priests
  A hound zombie (D:6)
  7 adders
  A shadow imp (D:9)
  3 oozes
  2 adder skeletons
  An adder zombie (D:6)
  3 worms
  6 giant geckos
  26 orcs
  2 bat skeletons
  13 giant cockroaches
  13 hobgoblins
  7 jackals
  2 ball pythons (Sewer)
  14 bats
  2 giant gecko zombies
  5 giant newts
  12 goblins
  A jackal skeleton (D:4)
  23 kobolds
  5 quokkas
  A quokka skeleton (D:4)
  15 rats
220 creatures vanquished.

Vanquished Creatures (collateral kills)
  6 yaks (D:9)
  An ogre (D:9)
  2 orc warriors
  An orc wizard (D:9)
  An adder (D:3)
  A gnoll (D:9)
  4 orcs
  A kobold (D:8)
  A giant cockroach (D:3)
  A quokka skeleton (D:9)
19 creatures vanquished.

Vanquished Creatures (others)
  A slave (D:9)
  An ice beast (D:9)
  3 yaks (D:9)
  A quasit (D:9)
  2 orc wizards (D:9)
  A white imp (D:9)
  An orc (D:9)
  2 kobolds (D:9)
12 creatures vanquished.

Grand Total: 251 creatures vanquished

Notes
Turn   | Place    | Note
--------------------------------------------------------------
     0 | D:1      | Monkaria, the Demonspawn Chaos Knight, began the quest for the Orb.
     0 | D:1      | Reached XP level 1. HP: 18/18 MP: 1/1
    12 | D:1      | XOM: potion effect (invisibility)
    16 | D:1      | XOM: silly message
   123 | D:1      | Gained mutation: You are partially covered in iridescent scales (AC +4). [demonic ancestry]
   123 | D:1      | Reached XP level 2. HP: 20/24 MP: 2/2
   629 | D:1      | Gained mutation: You can steal the life force of nearby defeated enemies. [demonic ancestry]
   629 | D:1      | Reached XP level 3. HP: 29/29 MP: 3/3
   770 | D:2      | XOM: divination: magic mapping
   851 | D:2      | Reached skill level 4 in Long Blades
   874 | D:2      | XOM: scenery: 1 doors open
  1281 | D:3      | XOM: noise
  1292 | D:3      | XOM: confuse monster(s)
  1297 | D:3      | XOM: blink monster(s)
  1306 | D:3      | Gained mutation: You are mostly covered in iridescent scales (AC +6). [demonic ancestry]
  1306 | D:3      | Reached XP level 4. HP: 33/37 MP: 4/4
  1336 | D:3      | Found a white marble altar of Elyvilon.
  1373 | D:3      | XOM: harmless Hex miscast
  1496 | D:3      | Reached XP level 5. HP: 39/43 MP: 5/5
  1593 | D:3      | Reached skill level 5 in Fighting
  1677 | D:3      | Reached XP level 6. HP: 51/51 MP: 6/6
  1782 | D:3      | XOM: cast spell 'Summon Swarm'
  1812 | D:3      | Found a glowing drain.
  1819 | Sewer    | Entered a sewer
  1835 | Sewer    | XOM: divination: detect creatures
  1862 | Sewer    | Reached skill level 5 in Long Blades
  1954 | Sewer    | XOM: noise
  1969 | Sewer    | XOM: enchant monster (good)
  2032 | Sewer    | XOM: scenery: 2 doors open
  2117 | Sewer    | XOM: fog
  2130 | Sewer    | Reached skill level 6 in Long Blades
  2138 | Sewer    | Gained mutation: You have large cloven feet. [demonic ancestry]
  2138 | Sewer    | Reached XP level 7. HP: 35/56 MP: 7/7
  2320 | D:3      | Noticed Sigmund
  2323 | D:3      | XOM: potion effect (invisibility)
  2338 | D:3      | Killed Sigmund
  2338 | D:3      | Reached skill level 7 in Long Blades
  2395 | D:4      | XOM: noise
  2858 | D:4      | Found a basalt altar of Yredelemnul.
  2858 | D:4      | Found a glowing silver altar of Zin.
  2995 | D:4      | XOM: cast spell 'Confusing Touch'
  3233 | D:5      | Entered Level 5 of the Dungeon
  3236 | D:5      | Noticed Monkaria's ghost (experienced DsCK)
  3284 | D:5      | Found a shimmering altar of Xom.
  3432 | D:5      | XOM: cast spell 'Cause Fear'
  3434 | D:5      | XOM: divination: detect items
  3499 | D:6      | XOM: silly message
  3512 | D:6      | Reached XP level 8. HP: 21/62 MP: 8/8
  3594 | D:6      | XOM: smoke on damage
  3606 | D:6      | Reached skill level 5 in Armour
  3752 | D:6      | XOM: divination: magic mapping
  4310 | D:6      | XOM: stat loss: -1 Str (15/16)
  4341 | D:6      | You fall through a shaft for 3 floors!
  4426 | D:9      | XOM: chaos cloud
  4484 | D:9      | Found a shadowy altar of Dithmenos.
  4523 | D:9      | Found a sacrificial altar of Ru.
  4605 | D:9      | XOM: blink monster(s)
  4620 | D:9      | XOM: give mutations
  4620 | D:9      | Gained mutation: You can breathe flames. [Xom's grace]
  4620 | D:9      | Gained mutation: You can breathe fire. [Xom's grace]
  4620 | D:9      | Gained mutation: Your flesh is cold resistant. [Xom's grace]
  4713 | D:9      | XOM: noise
  4730 | D:9      | XOM: mild Conj miscast
  4765 | D:9      | Noticed Pikel
  4766 | D:9      | XOM: silly message
  4768 | D:9      | XOM: destruction
  4768 | D:9      | Paralysed by Pikel for 5 turns
  4773 | D:9      | XOM: medium Trmt miscast
  4781 | D:9      | Paralysed by Pikel for 4 turns
  4789 | D:9      | XOM: confusion (+ monsters)
  4801 | D:9      | XOM: blink monster(s)
  4828 | D:9      | XOM: summons friendly quasit
  4830 | D:9      | Killed Pikel
  4830 | D:9      | Reached skill level 8 in Armour
  4830 | D:9      | Reached XP level 9. HP: 39/68 MP: 9/9
  4844 | D:9      | XOM: colour smoke trail
  4881 | D:9      | XOM: enchant monster (good)
  4918 | D:9      | XOM: blink monster(s)
  4920 | D:9      | XOM: confuse monster(s)
  4922 | D:9      | XOM: noise
  4923 | D:9      | XOM: chaos cloud
  4944 | D:9      | XOM: enchant monster (bad)
  4953 | D:9      | XOM: harmless Trmt miscast
  4954 | D:9      | XOM: 2-stop teleportation journey
  4958 | D:9      | Reached skill level 9 in Armour
  4977 | D:9      | XOM: confusion
  4985 | D:9      | XOM: summons 3 friendly demons
  5118 | D:9      | XOM: polymorph freed slave -> soldier ant
  5127 | D:9      | XOM: divination: detect creatures
  5130 | D:9      | XOM: enchant monster (good)
  5148 | D:9      | Reached skill level 10 in Armour
  5223 | D:9      | XOM: silly message
  5313 | D:8      | XOM: swap monsters
  5417 | D:8      | Found a glowing golden altar of the Shining One.
  5471 | D:8      | XOM: divination: detect items
  5563 | D:8      | XOM: cast spell 'Chain of Chaos'
  5598 | D:8      | XOM: fake destruction
  5607 | D:8      | XOM: summons 2 friendly demons
  5694 | D:8      | XOM: 4-stop teleportation journey
  5842 | D:8      | XOM: vitrification
  5981 | D:8      | XOM: confuse monster(s)
  5993 | D:8      | Gained mutation: You are slightly more attuned to the shadows. [demonic ancestry]
  5993 | D:8      | Reached XP level 10. HP: 55/74 MP: 10/10
  6082 | D:8      | XOM: cast spell 'Death Channel'
  6683 | D:7      | Found a shattered altar of Ashenzari.
  6683 | D:7      | Found a burning altar of Makhleb.
  6788 | D:7      | Found a flagged portal.
  6827 | D:7      | XOM: god gift: scroll labeled ULIOPP KOYZ
  6921 | Bailey   | Entered a bailey
  6973 | Bailey   | XOM: harmless Pois miscast
  7009 | Bailey   | XOM: confuse monster(s)
  7111 | Bailey   | XOM: potion effect (invisibility)
  7172 | Bailey   | XOM: butterfly on damage
  7175 | Bailey   | Slain by an orc warrior

Action                   |  1- 3 |  4- 6 |  7- 9 | 10-12 || total
-------------------------+-------+-------+-------+-------++-------
Melee: Falchion          |   180 |   228 |   600 |   111 ||  1119
 Fire: Arbalest          |       |       |       |     5 ||     5
 Abil: Breathe Fire      |       |       |     1 |       ||     1
Evoke: Wand              |       |       |     4 |       ||     4
  Use: Scroll            |     5 |     2 |     1 |     5 ||    13
       Potion            |       |     1 |     1 |       ||     2
 Stab: Invisible         |     2 |       |     1 |     1 ||     4
       Confused          |     2 |       |     1 |     1 ||     4
       Paralysed         |       |     3 |    15 |     5 ||    23
       Sleeping          |       |       |     1 |       ||     1
       Petrifying        |       |       |     1 |       ||     1
       Petrified         |       |       |     1 |       ||     1
  Eat: Chunk             |     1 |     4 |    18 |     5 ||    28
